 Dungeon Sprint DCSS version 0.26-a0-1060-g086102a3f0 (webtiles) character file.

Game seed: 12202429462712607004

32694 mhtbhm the Draconian Blade (level 13, -7/137 HPs)
             Began as a Black Draconian Berserker on Dec 13, 2020.
             Was the Champion of Trog.
             Mangled by a fenstrider witch (9 damage)
             ... while paralysed by a fenstrider witch
             ... in the Dungeon (Sprint IX: "|||||||||||||||||||||||||||||").
             The game lasted 00:10:02 (4390 turns).

mhtbhm the Draconian Blade (DrBe)                   Turns: 4390, Time: 00:10:02

Health: -7/137     AC: 13    Str: 24    XL:     13   Next: 32%
Magic:  13/13      EV:  2    Int:  7    God:    Trog [******]
Gold:   289        SH:  0    Dex: 15    Spells: 12/12 levels left

rFire    . . .     SeeInvis .   a - +7 triple sword (vorpal)
rCold    . . .     Faith    .   (shield currently unavailable)
rNeg     . . .     Spirit   .   (armour unavailable)
rPois    .         Reflect  .   (helmet restricted)
rElec    +         Harm     .   s - +0 cloak
rCorr    .         Rampage  .   D - +1 pair of gloves
Will     .....     NoTele   +   k - +1 pair of boots
Stlth    +++.......             (no amulet)
HPRegen  0.32/turn              l - +3 ring of dexterity
MPRegen  0.13/turn              m - +2 ring of evasion

@: paralysed, short of breath
A: breathe lightning, unfitting armour, electricity resistance, cold-blooded, AC
+8
a: Breathe Lightning, Berserk, Trog's Hand, Brothers in Arms, Renounce Religion


You were in the Dungeon.
You worshipped Trog.
Trog was exalted by your worship.
You visited 1 branch You collected 1932 gold pieces.
You spent 1643 gold pieces at shops.

Inventory:

Hand Weapons
 a - a +7 vorpal triple sword (weapon)
 t - a +2 scimitar of holy wrath
Armour
 k - a +1 pair of boots (worn)
 s - a +0 cloak (worn)
 D - a +1 pair of gloves (worn)
Jewellery
 l - a +3 ring of dexterity (left hand)
 m - a +2 ring of evasion (right hand)
 y - an uncursed ring of protection from fire
 B - an uncursed ring of protection from cold
Wands
 j - a wand of acid (2)
 o - a wand of digging (4)
Scrolls
 i - 3 scrolls of remove curse
 p - 5 scrolls of identify
 q - 6 scrolls of enchant armour
 v - 3 scrolls of enchant weapon
 w - a scroll of immolation
Potions
 b - 7 potions of curing
 c - 6 potions of heal wounds
 d - 4 potions of haste
 e - 4 potions of magic
 f - a potion of berserk rage
 h - a potion of invisibility
 n - 4 potions of resistance
 x - 2 potions of cancellation
 z - 2 potions of attraction
 A - 2 potions of might


   Skills:
 + Level 19.2 Fighting
 - Level 2.9(16.0) Short Blades
 + Level 22.9(23.0) Long Blades
 + Level 15.1 Dodging
 + Level 5.7 Stealth
 + Level 4.4 Evocations


You had 12 spell levels left.
You didn't know any spells.
Your spell library was empty.

Dungeon Overview and Level Annotations

Branches:
Dungeon (1/1)

Altars:
Cheibriados
Dithmenos
Elyvilon
Fedhas
Gozag
Hepliaklqana
Kikubaaqudgha
Makhleb
Nemelex Xobeh
Okawaru
Qazlal
Ru
Sif Muna
Trog
Uskayaw
Vehumet
Wu Jian
Xom
Yredelemnul
Zin
The Shining One
Beogh
Jiyva
Lugonu

Shops:
D (!!?


Innate Abilities, Weirdness & Mutations

You can breathe wild blasts of lightning.
Your glossy black scales are hard. (AC +8)
You cannot fit into any form of body armour.
You are resistant to electric shocks. (rElec)
You are cold-blooded and may be slowed by cold attacks.


Message History

* * * LOW HITPOINT WARNING * * *
You are splashed with acid!
* * * LOW HITPOINT WARNING * * *
You feel much better.
The fenstrider witch gestures at you while chanting.
You barely resist. The goliath frog misses you.
You slash the fenstrider witch!
The fenstrider witch is almost dead.
The fenstrider witch gestures at you while chanting.
You suddenly lose the ability to move!
The goliath frog barely misses you.
The bunyip howls a warning cry!
The fenstrider witch hits you.
* * * LOW HITPOINT WARNING * * *
The fenstrider witch kicks you!
* * * LOW HITPOINT WARNING * * *
The goliath frog hits you but does no damage.
The fenstrider witch hits you!!
* * * LOW HITPOINT WARNING * * *
The fenstrider witch kicks you!
You die...

_▓.▓.▓.▓)▓.▓.▓.♣
_▓.▓.▓.▓.▓.▓.▓.♣.♣
_▓.▓†▓.▓.▓.▓.▓.♣y♣
_▓.▓)▓.▓)▓.▓[▓.♣w♣
_▓.▓)▓.▓)▓.▓[▓.♣x♣
_▓.▓.▓.▓)▓.▓=▓.♣t♣
_▓.▓.▓.▓)▓.▓[▓.♣F♣
_▓.▓.▓.▓)▓†▓[▓.♣H♣
_▓.▓.▓.▓.▓.▓[▓.♣@♣
_▓.▓.▓.▓)▓)▓[▓.♣'♣
_▓.▓)▓.▓)▓.▓[▓.▓.▓
_▓.▓.▓.▓.▓.▓.▓.▓.▓
_▓.▓÷▓.▓.▓.▓(▓.▓.▓
_▓.▓'▓.▓)▓.▓)▓.▓†▓
_▓.▓.▓.▓)▓.▓)▓.▓)▓
_▓.▓.▓.▓(▓.▓)▓.▓†▓
_▓.▓.▓.▓)▓.▓)▓.▓)▓


You could see a bunyip, an alligator (swift), a fenstrider witch, a tyrant
leech, a goliath frog and a hornet.

Vanquished Creatures
  Rupert (D)
  Donald (D)
  A fenstrider witch (D)
  A frost giant (D)
  Aizul (D)
  2 stone giants (D)
  A bunyip (D)
  A naga warrior (D)
  3 hydras (D)
  4 ogre magi (D)
  A centaur warrior (D)
  An anaconda (D)
  6 two-headed ogres (D)
  A tengu warrior (D)
  An unseen horror (D)
  A mana viper (D)
  An ugly thing (D)
  A cyclops (D)
  4 black mambas (D)
  2 cane toads (D)
  2 rime drakes (D)
  A kobold demonologist (D)
  3 komodo dragons (D)
  2 yaktaurs (D)
  A tyrant leech (D)
  2 trolls (D)
  A spriggan (D)
  A shadow (D)
  A wraith (D)
  A wyvern (D)
  3 yaks (D)
  Grum (D)
  A warg (D)
  An acid dragon (D)
  3 nagas (D)
  2 hell hounds (D)
  13 orc warriors (D)
  A water moccasin (D)
  8 wolves (D)
  4 ogres (D)
  5 bullfrogs (D)
  A killer bee (D)
  A wight (D)
  A jelly (D)
  An orc priest (D)
  2 hounds (D)
  An orc wizard (D)
  A shadow imp (D)
  A leopard gecko (D)
  9 orcs (D)
  2 goblins (D)
  A quokka (D)
  A frilled lizard (D)
  2 kobolds (D)
116 creatures vanquished.

Vanquished Creatures (collateral kills)
  A deep troll earth mage (D)
  An orc knight (D)
  2 orc warriors (D)
4 creatures vanquished.

Vanquished Creatures (others)
  A deep elf mage (D)
1 creature vanquished.

Grand Total: 121 creatures vanquished

Notes
Turn   | Place    | Note
-------+----------+-------------------------------------------
     0 | D        | mhtbhm the Draconian Berserker began the quest for the Orb.
     0 | D        | Reached XP level 1. HP: 19/19 MP: 1/1
    13 | D        | Reached ** piety under Trog
   162 | D        | Noticed a hound
   167 | D        | Killed a hound
   167 | D        | Reached *** piety under Trog
   168 | D        | Reached skill level 5 in Fighting
   168 | D        | Reached skill level 4 in Long Blades
   168 | D        | Reached XP level 2. HP: 29/29 MP: 2/2
   168 | D        | Reached XP level 3. HP: 36/36 MP: 3/3
   172 | D        | Reached skill level 5 in Long Blades
   179 | D        | Found a roughly hewn altar of Beogh.
   179 | D        | Found a snail-covered altar of Cheibriados.
   179 | D        | Found a shadowy altar of Dithmenos.
   179 | D        | Found a white marble altar of Elyvilon.
   179 | D        | Found a blossoming altar of Fedhas.
   179 | D        | Found an opulent altar of Gozag.
   182 | D        | Found a hazy altar of Hepliaklqana.
   183 | D        | Found a viscous altar of Jiyva.
   184 | D        | Found an ancient bone altar of Kikubaaqudgha.
   185 | D        | Found a corrupted altar of Lugonu.
   186 | D        | Found a burning altar of Makhleb.
   187 | D        | Found a sparkling altar of Nemelex Xobeh.
   188 | D        | Found an iron altar of Okawaru.
   189 | D        | Found a stormy altar of Qazlal.
   190 | D        | Found a sacrificial altar of Ru.
   191 | D        | Found a shimmering blue altar of Sif Muna.
   192 | D        | Found a bloodstained altar of Trog.
   193 | D        | Found a hide-covered altar of Uskayaw.
   194 | D        | Found a radiant altar of Vehumet.
   195 | D        | Found an ornate altar of the Wu Jian Council.
   196 | D        | Found a shimmering altar of Xom.
   197 | D        | Found a basalt altar of Yredelemnul.
   198 | D        | Found a glowing silver altar of Zin.
   199 | D        | Found a glowing golden altar of the Shining One.
   250 | D        | Noticed an orc warrior
   250 | D        | Noticed a killer bee
   250 | D        | Noticed an orc warrior
   250 | D        | Noticed a two-headed ogre
   251 | D        | Reached **** piety under Trog
   252 | D        | Reached skill level 5 in Dodging
   252 | D        | Reached XP level 4. HP: 41/44 MP: 4/4
   258 | D        | Killed a two-headed ogre
   259 | D        | Reached skill level 11 in Long Blades
   259 | D        | Reached skill level 1 in Stealth
   259 | D        | Reached XP level 5. HP: 41/58 MP: 5/5
   259 | D        | Reached XP level 6. HP: 47/66 MP: 6/6
   259 | D        | Your scales start taking on a glossy black colour.
   259 | D        | Reached XP level 7. HP: 51/71 MP: 7/7
   259 | D        | Gained mutation: You are resistant to electric shocks.
                  | (rElec) [Black Draconian growth]
   265 | D        | Reached skill level 10 in Fighting
   266 | D        | Reached ***** piety under Trog
   458 | D        | Noticed a centaur warrior
   458 | D        | Noticed a cyclops
   458 | D        | Noticed a wraith
   458 | D        | Noticed a deep elf mage
   463 | D        | Killed a wraith
   464 | D        | Reached skill level 12 in Long Blades
   464 | D        | Reached XP level 8. HP: 80/80 MP: 8/8
   467 | D        | Killed a deep elf mage
   473 | D        | Killed a cyclops
   474 | D        | Reached skill level 13 in Long Blades
   474 | D        | Reached skill level 10 in Dodging
   481 | D        | Killed a centaur warrior
   482 | D        | Reached skill level 14 in Long Blades
   482 | D        | Reached XP level 9. HP: 90/90 MP: 9/9
   709 | D        | Noticed a cane toad
   709 | D        | Noticed a komodo dragon
   714 | D        | Noticed a rime drake
   718 | D        | Killed a komodo dragon
   718 | D        | Reached ****** piety under Trog
   723 | D        | Reached skill level 15 in Long Blades
   723 | D        | Noticed a seven-headed hydra
   727 | D        | Killed a cane toad
   727 | D        | Received a gift from Trog
   731 | D        | Killed a rime drake
   734 | D        | Reached XP level 10. HP: 100/100 MP: 10/10
   905 | D        | Killed a seven-headed hydra
   906 | D        | Reached skill level 1 in Short Blades
   906 | D        | Reached skill level 16 in Long Blades
  1117 | D        | Noticed a black mamba
  1117 | D        | Noticed a seven-headed hydra
  1122 | D        | Noticed a cane toad
  1124 | D        | Noticed a four-headed hydra
  1136 | D        | Killed a 16-headed hydra
  1492 | D        | Killed a black mamba
  1492 | D        | Received a gift from Trog
  1493 | D        | Reached skill level 17 in Long Blades
  1507 | D        | Killed a ten-headed hydra
  1512 | D        | Killed a cane toad
  1512 | D        | Received a gift from Trog
  1580 | D        | Reached XP level 11. HP: 97/111 MP: 11/11
  1715 | D        | Received a gift from Trog
  1719 | D        | Noticed a stone giant
  1737 | D        | Killed a stone giant
  1737 | D        | Received a gift from Trog
  1738 | D        | Reached skill level 15 in Fighting
  1738 | D        | Reached skill level 18 in Long Blades
  1805 | D        | Received a gift from Trog
  1815 | D        | Noticed an orc knight
  1833 | D        | Killed an orc knight
  2121 | D        | Found Cunuz's Magic Scroll Boutique.
  2121 | D        | Noticed an ogre mage
  2121 | D        | Noticed a two-headed ogre
  2123 | D        | Noticed an ogre mage
  2125 | D        | Killed a two-headed ogre
  2125 | D        | Received a gift from Trog
  2129 | D        | Noticed a two-headed ogre
  2132 | D        | Killed an ogre mage
  2135 | D        | Noticed an ogre mage
  2139 | D        | Killed an ogre mage
  2140 | D        | Reached skill level 19 in Long Blades
  2142 | D        | Killed a two-headed ogre
  2142 | D        | Received a gift from Trog
  2143 | D        | Reached skill level 1 in Evocations
  2143 | D        | Found Jeci's Distillery.
  2143 | D        | Noticed a two-headed ogre
  2145 | D        | Killed an ogre mage
  2147 | D        | Found Toeqafod's Distillery.
  2147 | D        | Noticed a two-headed ogre
  2152 | D        | Killed a two-headed ogre
  2153 | D        | Killed a two-headed ogre
  2154 | D        | Reached XP level 12. HP: 43/124 MP: 12/12
  2165 | D        | Noticed an ogre mage
  2203 | D        | Killed an ogre mage
  2203 | D        | Received a gift from Trog
  2255 | D        | Found Igeteug's Antique Weapon Shop.
  2257 | D        | Noticed a two-headed ogre
  2299 | D        | Killed a two-headed ogre
  2300 | D        | Reached skill level 20 in Long Blades
  2550 | D        | Bought a potion of heal wounds for 65 gold pieces
  2552 | D        | Bought a scroll of fog for 22 gold pieces
  2552 | D        | Bought a scroll of enchant weapon for 82 gold pieces
  2552 | D        | Bought a scroll of identify for 22 gold pieces
  2552 | D        | Bought a scroll of immolation for 38 gold pieces
  2552 | D        | Bought a scroll of enchant armour for 82 gold pieces
  2552 | D        | Bought a scroll of enchant armour for 82 gold pieces
  2554 | D        | Bought a potion of resistance for 130 gold pieces
  2556 | D        | Bought a potion of haste for 110 gold pieces
  2556 | D        | Bought a potion of resistance for 110 gold pieces
  2556 | D        | Bought a potion of resistance for 110 gold pieces
  2556 | D        | Bought a potion of heal wounds for 55 gold pieces
  2556 | D        | Bought a potion of invisibility for 88 gold pieces
  2556 | D        | Bought a potion of haste for 110 gold pieces
  2559 | D        | Bought a pitted long sword for 212 gold pieces
  2559 | D        | Identified the cursed +1 long sword "Loem" {drain, +Rage
                  | rN+ Str-2} (You bought it in a shop in the Dungeon)
  2568 | D        | Bought a potion of curing for 39 gold pieces
  2568 | D        | Bought 2 potions of cancellation for 208 gold pieces
  2568 | D        | Bought a potion of attraction for 39 gold pieces
  2568 | D        | Bought a potion of attraction for 39 gold pieces
  2648 | D        | Noticed Grum
  2657 | D        | Killed Grum
  2829 | D        | Received a gift from Trog
  2835 | D        | Noticed a frost giant
  2837 | D        | Noticed a deep troll earth mage
  2839 | D        | Noticed a stone giant
  2840 | D        | Noticed a tengu warrior
  2843 | D        | Received a gift from Trog
  2848 | D        | Killed a frost giant
  2855 | D        | Killed a deep troll earth mage
  2998 | D        | Killed a tengu warrior
  2998 | D        | Received a gift from Trog
  2999 | D        | Reached skill level 21 in Long Blades
  3209 | D        | Killed a stone giant
  3336 | D        | Noticed Donald
  3338 | D        | Noticed Rupert
  3345 | D        | Killed Donald
  3345 | D        | Paralysed by Rupert for 6 turns
  3388 | D        | Paralysed by Rupert for 4 turns
  3394 | D        | Killed Rupert
  3395 | D        | Reached skill level 5 in Stealth
  3767 | D        | Noticed Aizul
  3785 | D        | Killed Aizul
  3785 | D        | Received a gift from Trog
  3786 | D        | Reached skill level 22 in Long Blades
  3786 | D        | Reached XP level 13. HP: 69/136 MP: 13/13
  4229 | D        | Received a gift from Trog
  4368 | D        | Noticed a fenstrider witch
  4368 | D        | Noticed a bunyip
  4368 | D        | Noticed a fenstrider witch
  4376 | D        | Noticed a bunyip
  4381 | D        | Killed a fenstrider witch
  4382 | D        | Reached skill level 15 in Dodging
  4384 | D        | Killed a bunyip
  4388 | D        | Paralysed by a fenstrider witch for 7 turns
  4390 | D        | HP: 2/137 [fenstrider witch (19)]
  4390 | D        | Mangled by a fenstrider witch

Illustrated notes

Levels and vault maps discovered:
D:        linesprint [early_d, line_temple, items_1, d_10, items_2, lair_1,
          lair_end, items_3, orc_1, orc_end, items_4, d_15, swamp_1, shoals_1,
          snake_1, spider_1, d_20, vaults_1, items_5, swamp_end, shoals_end,
          snake_end, spider_end, vaults_end, d_27, items_6, zot_1, zot_end,
          crypt_end, forest_end, elf_end, slime_end, tomb_end, abyss_end,
          pan_hell_end]

Skill      XL: |  1  2  3  4  5  6  7  8  9 10 11 12 13 |
---------------+----------------------------------------+-----
Dodging        | 4 5 8 9 10 11 12 14 15 | 15.1
Fighting       | 5 9 10 12 14 16 18 19 | 19.2
Long Blades    | 4 5 11 12 14 15 17 19 22 | 22.9
Stealth        | 1 2 3 5 |  5.7
Short Blades   | 2 |  2.9
Evocations     | 1 4 |  4.4

Action                   |  1- 3 |  4- 6 |  7- 9 | 10-12 | 13-15 || total
-------------------------+-------+-------+-------+-------+-------++-------
Melee: Falchion          |    27 |       |       |       |       ||    27
       Tailslap          |     3 |       |    14 |    36 |    10 ||    63
       Scimitar          |     1 |     5 |    54 |    88 |       ||   148
       Rapier            |       |       |       |     5 |       ||     5
       Triple sword      |       |       |       |   110 |    37 ||   147
Invok: Berserk           |     1 |     1 |     2 |    11 |     1 ||    16
       Brothers in Arms  |       |       |       |     3 |       ||     3
 Abil: Breathe Lightning |       |       |       |    10 |     2 ||    12
Evoke: Wand              |       |       |       |     8 |       ||     8
  Use: Potion            |       |       |       |     7 |     1 ||     8
       Scroll            |       |       |       |     6 |       ||     6
 Stab: Distracted        |       |       |       |     1 |       ||     1
Armor: Skin              |     7 |       |     1 |    22 |     4 ||    34
Dodge: Dodged            |    20 |     4 |    23 |   185 |    30 ||   262
       Rpst.: Falchion   |     7 |       |       |       |       ||     7
       Scimitar          |     2 |       |     9 |    16 |       ||    27
       Triple sword      |       |       |       |    13 |     6 ||    19

Table legend: (Time is in decaauts)
 A = Elapsed time spent in this place.
 B = Non-inter-level travel time spent in this place.
 C = Inter-level travel time spent in this place.
 D = Time resting spent in this place.
 E = Time spent auto-exploring this place.
 F = Levels seen in this place.
 G = Mean time per level.
                   A        B        C        D        E       F      G
               +--------+--------+--------+--------+--------+-----+--------+
         Total |   4428 |   4428 |      0 |   2748 |    564 |   1 | 4428.0 |
       Dungeon |   4428 |   4428 |      0 |   2748 |    564 |   1 | 4428.0 |
               +--------+--------+--------+--------+--------+-----+--------+

Top non-repeatable levels by time:
       D: 4428 daAuts
